 Dungeon Sprint DCSS version 0.28-a0-2-g643f2454ad (webtiles) character file.

Game seed: 10507481252570070497

165 howech the Twirler (level 5, -6/44 (48) HPs)
             Began as a Minotaur Gladiator on July 22, 2021.
             Was a Priest of Trog.
             Mangled by a wight (15 damage)
             ... in the Dungeon (Sprint VII: "The Pits").
             The game lasted 00:00:55 (87 turns).

howech the Twirler (Minotaur Gladiator)               Turns: 87, Time: 00:00:55

HP:   -6/44 (48)    AC:  3    Str: 19    XL:     5   Next: 21%
MP:   4/4           EV: 13    Int:  5    God:    Trog [***...]
Gold: 0             SH:  0    Dex: 12    Spells: 4/4 levels left

rFire   . . .      SeeInvis .   k - +2 quarterstaff
rCold   . . .      Faith    .   (shield currently unavailable)
rNeg    . . .      Spirit   .   b - +0 leather armour
rPois   .          Reflect  .   c - +0 hat
rElec   .          Harm     .   (no cloak)
rCorr   .          Rampage  .   (no gloves)
Will    .....      NoTele   +   (no boots)
Stlth   +.........              (no amulet)
HPRegen 0.14/turn               (no ring)
MPRegen 0.09/turn               (no ring)

@: on berserk cooldown, slowed, drained, very slow
A: horns 2, retaliatory headbutt
a: Renounce Religion, Berserk, Trog's Hand


You were in the Dungeon.
You worshipped Trog.
Trog was most pleased with you.
You visited 1 branch

Inventory:

Hand Weapons
 a - a +0 quarterstaff
 k - a +2 quarterstaff (weapon)
Missiles
 d - 3 throwing nets (quivered)
Armour
 b - a +0 leather armour (worn)
 c - a +0 hat (worn)
Scrolls
 j - a scroll of blinking
Potions
 e - a potion of curing
 f - a potion of heal wounds
 g - a potion of haste
 h - 4 potions of magic
 i - 3 potions of berserk rage
 l - 2 potions of invisibility


   Skills:
 + Level 5.1 Fighting
 + Level 4.1 Axes
 * Level 7.3 Staves
 + Level 4.1 Throwing
 + Level 4.1 Armour
 + Level 5.2 Dodging
 + Level 3.2 Evocations


You had 4 spell levels left.
You didn't know any spells.
Your spell library was empty.

Dungeon Overview and Level Annotations

Branches:
Dungeon (1/1)

Altars:
Ashenzari
Cheibriados
Dithmenos
Elyvilon
Fedhas
Gozag
Hepliaklqana
Kikubaaqudgha
Makhleb
Nemelex Xobeh
Okawaru
Qazlal
Ru
Sif Muna
Trog
Uskayaw
Vehumet
Wu Jian
Xom
Yredelemnul
Zin
The Shining One
Beogh
Jiyva
Lugonu


Innate Abilities, Weirdness & Mutations

You have a pair of horns on your head.
You reflexively headbutt those who attack you in melee.


Message History

You kill the jackal!
Trog accepts your kill.
You see here a jackal corpse.
You thump the rat!
You kill the rat!
Trog accepts your kill. The wight hits you with a +3 halberd!
You feel drained. The wight hits you with a +0 halberd.
There is an open door here.
Items here: ) [ †††.
Unknown command.
You completely miss the wight.
Unknown command.
You closely miss the wight. The wight barely misses you.
The wight hits you with a +0 halberd.
You feel drained.
Unknown command.
You closely miss the wight. The wight closely misses you.
The wight hits you with a +0 halberd!
* * * LOW HITPOINT WARNING * * *
Unknown command.
You hit the wight.
The wight is moderately damaged.
Unknown command.
Unknown command.
You are no longer berserk.
You are exhausted.
You feel yourself slow down. The wight barely misses you.
You see here a jackal corpse.
Unknown command.
You closely miss the wight.
The wight is moderately damaged.
The wight misses you. The wight closely misses you.
Your leather armour prevents you from hitting the wight.
The wight is moderately damaged.
The wight hits you from afar with a +3 halberd.
* * * LOW HITPOINT WARNING * * *
The wight closely misses you. The wight completely misses you.
The wight barely misses you. You furiously retaliate!
You headbutt the wight! The wight hits you with a +3 halberd!
You die...

#_______...###########+
##########'##..........
#.?(.')))'.##......#..#
##########.##..........
#...........'..........
+#####)#####......#..#
#...#.# #..........
#..z#†# ####'#####+
#..z@z# #.......#
##†#### #.......#
#.....# #.......#
#.....# #...<...#
#.r..hz. #.......#
#.....z..##.......#
###########.......#
#########


You could see 3 wights.

Vanquished Creatures
  A floating eye (D)
  A wight (D)
  2 river rats (D)
  A goblin (D)
  3 jackals (D)
  A quokka (D)
  A frilled lizard (D)
  A rat (D)
11 creatures vanquished.

Notes
Turn   | Place    | Note
-------+----------+-------------------------------------------
     0 | D        | howech the Minotaur Gladiator began the quest for the Orb.
     0 | D        | Reached XP level 1. HP: 18/18 MP: 0/0
    31 | D        | Found a glowing golden altar of the Shining One.
    31 | D        | Found a glowing silver altar of Zin.
    31 | D        | Found a basalt altar of Yredelemnul.
    31 | D        | Found a shimmering altar of Xom.
    31 | D        | Found an ornate altar of the Wu Jian Council.
    31 | D        | Found a bloodstained altar of Trog.
    31 | D        | Found a shimmering blue altar of Sif Muna.
    31 | D        | Found a sacrificial altar of Ru.
    31 | D        | Found a stormy altar of Qazlal.
    31 | D        | Found an iron altar of Okawaru.
    31 | D        | Found a sparkling altar of Nemelex Xobeh.
    31 | D        | Found a burning altar of Makhleb.
    31 | D        | Found a viscous altar of Jiyva.
    31 | D        | Found a hazy altar of Hepliaklqana.
    31 | D        | Found an opulent altar of Gozag.
    31 | D        | Found a blossoming altar of Fedhas.
    31 | D        | Found a white marble altar of Elyvilon.
    31 | D        | Found a shadowy altar of Dithmenos.
    31 | D        | Found a snail-covered altar of Cheibriados.
    32 | D        | Found a radiant altar of Vehumet.
    32 | D        | Found a corrupted altar of Lugonu.
    34 | D        | Became a worshipper of Trog the Wrathful
    35 | D        | Found an ancient bone altar of Kikubaaqudgha.
    35 | D        | Found a hide-covered altar of Uskayaw.
    35 | D        | Found a broken altar of Ashenzari.
    47 | D        | Reached skill level 4 in Staves
    47 | D        | Reached skill level 1 in Armour
    51 | D        | Reached skill level 1 in Axes
    54 | D        | Noticed a floating eye
    56 | D        | Killed a floating eye
    56 | D        | Reached * piety under Trog
    57 | D        | Reached skill level 6 in Staves
    57 | D        | Reached XP level 2. HP: 28/28 MP: 1/1
    57 | D        | Reached XP level 3. HP: 34/34 MP: 2/2
    57 | D        | Reached XP level 4. HP: 41/41 MP: 3/3
    72 | D        | Reached ** piety under Trog
    77 | D        | Reached skill level 5 in Fighting
    77 | D        | Reached skill level 7 in Staves
    77 | D        | Reached skill level 5 in Dodging
    77 | D        | Reached XP level 5. HP: 47/48 MP: 4/4
    78 | D        | Reached *** piety under Trog
    87 | D        | Mangled by a wight

Illustrated notes

Levels and vault maps discovered:
D:        pitsprint [storerooms_1, entrance_room_1, metal_vault_6, armoury_3,
          mini_pit_1, grid_room_1, main_hall_1, silver_pit, the_coven_3,
          the_vestibule_1, steel_vault_5, golden_pit, hallway_of_sentries,
          crystal_vault_1, iron_vault_1, final_vault]

Skill      XL: |  1  2  3  4 |
---------------+-------------+-----
Staves         | 6 7 |  7.3
Armour         | 3 4 |  4.1
Axes           | 3 4 |  4.1
Fighting       | 4 5 |  5.1
Throwing       | 3 4 |  4.1
Dodging        | 4 5 |  5.2
Evocations     | 2 3 |  3.2

Action                   |  1- 3 |  4- 6 || total
-------------------------+-------+-------++-------
Melee: Quarterstaff      |     7 |    15 ||    22
       Headbutt          |     1 |     3 ||     4
Invok: Berserk           |       |     1 ||     1
Dodge: Dodged            |     5 |    15 ||    20

Table legend: (Time is in decaauts)
 A = Elapsed time spent in this place.
 B = Non-inter-level travel time spent in this place.
 C = Inter-level travel time spent in this place.
 D = Time resting spent in this place.
 E = Time spent auto-exploring this place.
 F = Levels seen in this place.
 G = Mean time per level.
                   A        B        C        D        E       F      G
               +--------+--------+--------+--------+--------+-----+--------+
         Total |     82 |     82 |      0 |      0 |      0 |   1 |   82.0 |
       Dungeon |     82 |     82 |      0 |      0 |      0 |   1 |   82.0 |
               +--------+--------+--------+--------+--------+-----+--------+

Top non-repeatable levels by time:
       D: 82 daAuts
